 Dungeon Crawl Stone Soup version 0.24.0-1-gfbc8707122 (webtiles) character file.

Game seed: 9368511404824644095, levelgen mode: deterministic

69372 MisterOstroum the Demonic Aeon (level 14, 101/113 HPs)
             Began as a Demonspawn Monk on Oct 25, 2019.
             Was the Champion of Cheibriados.
             Quit the game on level 11 of the Dungeon.
             The game lasted 02:06:26 (26945 turns).

MisterOstroum the Demonic Aeon (Demonspawn Monk)   Turns: 26945, Time: 02:06:26

Health: 101/113    AC: 17    Str: 32    XL:     14   Next: 90%
Magic:  23/23      EV: 14    Int: 27    God:    Cheibriados [******]
Gold:   1036       SH: 15    Dex: 30    Spells: 5/18 levels left

rFire    + . .     SeeInvis +   c - +2 hunting sling "Weutaul" {freeze, rC+}
rCold    + . .     Gourm    .   q - +0 shield of Weirdness {+Blink rPois Stlth-}
rNeg     . . .     Faith    .   E - +0 plate armour
rPois    +         Spirit   .   (helmet unavailable)
rElec    .         Reflect  .   C - +2 cloak
rCorr    .         Harm     .   D - +0 pair of gloves
MR       +....                  (no boots)
Stlth    ..........             (no amulet)
HPRegen  0.28/turn              B - ring of poison resistance
MPRegen  0.18/turn              (no ring)

@: studying Invocations, very slow
A: antennae 3, claws 1, hooves 2, fire resistance 1, nightstalker 1, flame cloud
immunity
a: Bend Time, Temporal Distortion, Slouch, Step From Time, Renounce Religion,
Evoke Blink


You were on level 11 of the Dungeon.
You worshipped Cheibriados.
Cheibriados was exalted by your worship.
You were not hungry.

You visited 4 branches of the dungeon, and saw 21 of its levels.
You visited 1 bazaar.

You collected 3867 gold pieces.
You spent 2831 gold pieces at shops.

Inventory:

Hand Weapons
 a - a +2 dagger of electrocution
 c - the +2 hunting sling "Weutaul" (weapon) {freeze, rC+}
   (You bought it in a shop on level 10 of the Dungeon)

   It causes projectiles fired from it to freeze those they strike, causing
   extra injury to most foes and up to half again as much damage against
   particularly susceptible opponents.
   They can also slow down cold-blooded creatures.
   It protects you from cold.
Missiles
 f - 464 stones
 i - 51 poisoned darts
 r - 7 javelins
 s - 103 sling bullets (quivered)
 w - 7 curare-tipped darts
 K - 20 arrows
 P - a throwing net {!f}
 R - 4 silver javelins
 T - 10 atropa-tipped darts
Armour
 q - the +0 shield of Weirdness (worn) {+Blink rPois Stlth-}
   (You acquired it on level 4 of the Lair of Beasts)

   It protects you from poison.
   It lets you blink.
   It makes you less stealthy.
 C - a +2 cloak (worn)
 D - a +0 pair of gloves (worn)
 E - a +0 plate armour (worn)
Jewellery
 v - an uncursed ring of wizardry {unknown}
 z - the ring of the Queen {Ice Dex+3}
   (You found it on level 5 of the Lair of Beasts)

   [ring of ice]

   It enhances your ice magic.
   It affects your dexterity (+3).
   It makes you vulnerable to fire.
   It protects you from cold.
 B - a ring of poison resistance (left hand)
 U - an uncursed ring of resist corrosion
Wands
 h - a wand of digging (6)
 p - a wand of flame (17)
 y - a wand of clouds (3)
 F - a wand of paralysis (24)
 J - a wand of disintegration (12)
 N - a wand of acid (4)
 W - a wand of polymorph (9)
 Z - a wand of iceblast (16)
Scrolls
 d - a scroll of brand weapon
 g - a scroll of immolation
 j - 2 scrolls of fear
 l - 7 scrolls of remove curse {@r2}
 m - 3 scrolls of enchant weapon
 o - 3 scrolls of fog {!r}
 G - 3 scrolls of silence
 Q - 4 scrolls of identify {@r1}
 S - a scroll of teleportation {@r3 !r}
 X - 2 scrolls of vulnerability
Potions
 k - 4 potions of might {@q3 !q}
 n - 7 potions of curing {@q1 !q}
 t - 6 potions of mutation
 u - 4 potions of lignification {@q6}
 x - 5 potions of heal wounds {@q2 !q}
 A - 5 potions of brilliance
 H - 4 potions of haste {unknown}
 I - 2 potions of agility {@q5 !q}
 L - 2 potions of magic {unknown}
 M - 3 potions of resistance
 O - 3 potions of flight
Books
 b - a manual of Invocations
Comestibles
 e - 35 rations
 V - a chunk of flesh


   Skills:
 * Level 11.6 Fighting
 - Level 6.0 Short Blades
   Level 4.0 Polearms
 * Level 11.6 Slings
 - Level 6.8 Armour
 + Level 8.0 Dodging
 - Level 4.7 Stealth
 + Level 9.3 Shields
 + Level 2.5 Spellcasting
 + Level 2.5 Transmutations
 + Level 2.5 Earth Magic
 - Level 12.0 Invocations
 - Level 5.0 Evocations


You had 5 spell levels left.
You knew the following spells:

 Your Spells              Type           Power        Failure   Level  Hunger
a - Blink                 Tloc           N/A          92%         2    ##.....
b - Statue Form           Tmut/Erth      ###......    100%        6    #######
c - Sticks to Snakes      Tmut           ###.....     61%         2    ##.....
d - Inner Flame           Hex/Fire       #.......     99%         3    ###....

Your spell library contained the following spells:

 Spells                   Type           Power        Failure   Level  Hunger
 Beastly Appendage        Tmut           ###...       45%         1    None
 Confusing Touch          Hex            #.....       83%         1    None
 Corona                   Hex            #......      83%         1    None
 Magic Dart               Conj           #...         83%         1    None
 Call Imp                 Summ           #.......     92%         2    ##.....
 Searing Ray              Conj           #.....       92%         2    ##.....
 Slow                     Hex            #.......     92%         2    ##.....
 Spider Form              Tmut/Pois      ##........   95%         3    ###....
 Confuse                  Hex            #.......     99%         3    ###....
 Conjure Flame            Conj/Fire      #.......     99%         3    ###....
 Dazzling Spray           Conj/Hex       #.....       99%         3    ###....
 Gell's Gravitas          Tloc           #.........   99%         3    ###....
 Mephitic Cloud           Conj/Pois/Air  #.......     99%         3    ###....
 Portal Projectile        Hex/Tloc       #.....       99%         3    ###....
 Static Discharge         Conj/Air       #.......     99%         3    ###....
 Petrify                  Tmut/Erth      ###.....     99%         4    ####...
 Cause Fear               Hex            #.........   100%        4    ####...
 Force Lance              Conj/Tloc      #.......     100%        4    ####...
 Fulminant Prism          Conj/Hex       #.........   100%        4    ####...
 Ice Form                 Ice/Tmut       ##......     100%        4    ####...
 Iskenderun's Mystic Bla  Conj           #.......     100%        4    ####...
 Leda's Liquefaction      Hex/Erth       ##........   100%        4    ####...
 Blade Hands              Tmut           ###.......   100%        5    ######.
 Irradiate                Conj/Tmut      ##........   100%        5    ######.
 Lightning Bolt           Conj/Air       #.........   100%        5    ######.
 Metabolic Englaciation   Hex/Ice        #.........   100%        5    ######.
 Yara's Violent Unravell  Hex/Tmut       ##........   100%        5    ######.
 Hydra Form               Tmut           ###.......   100%        6    #######
 Dragon Form              Tmut           ###.......   100%        7    #######
 Ignition                 Fire           #.........   100%        8    #######
 Shatter                  Erth           ###.......   100%        9    #######
 Tornado                  Air            #.........   100%        9    #######


Dungeon Overview and Level Annotations

Branches:
Dungeon (12/15)            Temple (1/1) D:4            Lair (6/6) D:8
 Shoals (0/4) Lair:3       Spider (0/4) Lair:3        Slime (0/5) Lair:6
    Orc (2/2) D:10            Elf (0/3) Orc:2

Altars:
Ashenzari
Cheibriados
Dithmenos
Elyvilon
Fedhas
Gozag
Hepliaklqana
Kikubaaqudgha
Makhleb
Nemelex Xobeh
Okawaru
Qazlal
Ru
Sif Muna
Trog
Uskayaw
Vehumet
Wu Jian
Xom
Yredelemnul
Zin
The Shining One
Beogh

Shops:
D:7 :   D:9 %   D:10 (   Orc:1 :   Orc:2 !!:(

Portals:
Pandemonium: Orc:2

Annotations:
Lair:1 3 runed translucent doors, Aggronaut's ghost, journeyman DsMo
Lair:3 3 runed translucent doors, Name63's ghost, journeyman GnNe


Innate Abilities, Weirdness & Mutations

You have a pair of large antennae on your head. (SInv)
You have sharp fingernails.
You have hoof-like feet.
Your flesh is heat resistant. (rF+)
You are slightly more attuned to the shadows.
You are immune to clouds of flame.


Message History

You kick the scorpion.
You kill the scorpion!
Cheibriados appreciates the change of pace.
No target in view!
No target in view!
No target in view!
Your +2 dagger of electrocution stops crackling.
The +2 hunting sling "Weutaul" {freeze, rC+} is covered in frost.
c - the +2 hunting sling "Weutaul" (weapon)
{freeze, rC+} You see here a scorpion corpse.
Found a stone staircase leading down.
There is a stone staircase leading down here.
You are feeling hungry.
You open the door.
There is an open door here.
An adder comes into view.
The adder hisses angrily.
Firing (i - inventory. (/) - cycle)
s - 106 sling bullets (quivered)
Press: ? - help, Shift-Dir - straight line, f - adder
Aim: an adder You shoot a sling bullet.
The sling bullet hits the adder!
The adder seems to slow down.
The sling bullet freezes the adder.
You kill the adder!
Cheibriados appreciates the change of pace.
No target in view!
s - 106 sling bullets (gained 1)
You butcher the adder corpse.
V - 2 chunks of flesh You see here an adder skeleton. x2
Eating one of 2 chunks of flesh.
You eat one of the 2 chunks of flesh.
This raw flesh tastes terrible.
There is an open door here.
Done exploring.
Done exploring.
(D) Dungeon (T) Temple (L) Lair (A) Shoals (N) Spider Nest (M) Slime Pits (O) Orcish Mines (E) Elven Halls
Where to? (Enter - D:11, ? - help)
There is an open door here.
There is an open door here.
There is a stone staircase leading down here.
You climb downwards.
A two-headed ogre comes into view. It is wielding two +0 giant clubs.
The two-headed ogre shouts in stereo!
There is a stone staircase leading up here.
Firing (i - inventory. (/) - cycle)
s - 106 sling bullets (quivered)
Press: ? - help, Shift-Dir - straight line, f - two-headed ogre
Aim: a two-headed ogre, wielding two +0 giant clubs You shoot a sling bullet.
The sling bullet hits the two-headed ogre.
The sling bullet freezes the two-headed ogre.
The two-headed ogre is lightly wounded.
Firing (i - inventory. (/) - cycle)
s - 105 sling bullets (quivered)
Press: ? - help, Shift-Dir - straight line, f/p - two-headed ogre
Aim: a two-headed ogre, wielding two +0 giant clubs (lightly wounded)
You shoot a sling bullet.
The sling bullet hits the two-headed ogre!
The sling bullet freezes the two-headed ogre.
The two-headed ogre is moderately wounded.
Firing (i - inventory. (/) - cycle)
s - 104 sling bullets (quivered)
Press: ? - help, Shift-Dir - straight line, f/p - two-headed ogre
Aim: a two-headed ogre, wielding two +0 giant clubs (moderately wounded)
You shoot a sling bullet.
The sling bullet hits the two-headed ogre!
The sling bullet freezes the two-headed ogre.
The two-headed ogre is heavily wounded.
The +2 hunting sling "Weutaul" {freeze, rC+} stops glowing.
You hear the crackle of electricity.
a - a +2 dagger of electrocution (weapon)
You puncture the two-headed ogre!
Lightning courses through the two-headed ogre!
You kick the two-headed ogre!
The two-headed ogre is almost dead.
You block the two-headed ogre's attack. x2
You hit the two-headed ogre but do no damage.
You kick the two-headed ogre, but do no damage.
The two-headed ogre is almost dead.
You hit the two-headed ogre. You kick the two-headed ogre.
The two-headed ogre is almost dead.
The two-headed ogre hits you with a +0 giant club!!
You block the two-headed ogre's attack.
You hit the two-headed ogre.
You kill the two-headed ogre!
Cheibriados appreciates the change of pace.
No target in view!
Your +2 dagger of electrocution stops crackling.
The +2 hunting sling "Weutaul" {freeze, rC+} is covered in frost.
c - the +2 hunting sling "Weutaul" (weapon)
{freeze, rC+}
Things that are here:
a +0 giant club x2
Unknown command.
There is a stone staircase leading up here.
There is a stone staircase leading up here.
You climb upwards.
There is a stone staircase leading down here.
You can't go up here!
Saving game... please wait.
Welcome back, MisterOstroum the Demonspawn Monk.
Cheibriados says: Take it easy.
Press ? for a list of commands and other information.
Are you sure you want to abandon this character and quit the game? (Confirm with "yes".)

#.....'....+...#
###'#####....###.#####
#....# ####..........
#....#######.###.#####
#.....................
#.....######.###.#.###
#.....# #.# #.#.# #
#.....######.###.#.###
#....@...............#
###'#.######.###)#.#..
#.#.# ##+###.#.##. #.#.#
#....#.#....
#.#.#####....#.####.
#.#.....'....#......
#######.#######....#..####
#....##............#..#...
#....#############.#..#.##


There were no monsters in sight!

Vanquished Creatures
  An orc warlord (Orc:2)
  A dire elephant (Lair:6)
  5 hydras
  An ice dragon (Lair:6)
  2 catoblepae (Lair:6)
  Erica (Lair:2)
  2 centaur warriors (D:9)
  An ogre mage (Orc:1)
  4 two-headed ogres
  4 orc high priests (Orc:2)
  Sonja (Orc:1)
  A sun demon (Orc:2)
  A torturous demonspawn (Orc:2)
  An infernal demonspawn (Orc:2)
  4 lindwurms (Lair:6)
  9 orc sorcerers
  An ugly thing (D:11)
  4 orc knights (Orc:2)
  2 manticores (Lair:6)
  3 oklob plants (Lair:6)
  A merfolk siren (Lair:3)
  13 elephants
  An ice statue (D:10)
  Psyche (D:8)
  2 black mambas (Lair:6)
  4 orange demons (D:10)
  5 torpor snails (Lair:6)
  14 spiny frogs
  7 komodo dragons
  2 rime drakes (Lair:6)
  2 hellwings (Orc:2)
  A kobold demonologist (D:9)
  5 red devils
  An ice devil (Orc:2)
  2 queen bees
  2 trolls (Orc:1)
  A polar bear (Lair:4)
  Grinder (D:3)
  7 hornets
  5 blink frogs
  3 tyrant leeches (Lair:6)
  8 hippogriffs
  A redback (Lair:3)
  A ynoxinul (Orc:2)
  12 yaks
  A wyvern (D:10)
  Eustachio (D:4)
  Grum (D:9)
  3 basilisks
  A hungry ghost (D:7)
  3 wargs
  10 porcupines
  Duvessa (D:4)
  15 water moccasins
  A black bear (Lair:3)
  5 sky beasts
  34 orc warriors
  3 phantoms
  9 ogres
  2 ice beasts
  15 wolves
  12 crocodiles
  4 centaurs
  2 big kobolds
  14 bullfrogs
  Dowan (D:4)
  5 scorpions
  A water moccasin skeleton (D:7)
  47 killer bees
  4 wights (D:8)
  3 howler monkeys (D:9)
  4 crimson imps
  A quasit (D:10)
  2 bullfrog zombies
  2 centaur zombies
  6 hounds
  A bullfrog skeleton (D:7)
  2 jellies
  26 orc priests
  2 centaur skeletons
  7 hell rats
  2 iguanas
  Terence (D:3)
  25 orc wizards
  7 worker ants
  A hound zombie (D:9)
  A worker ant zombie (D:10)
  8 gnolls
  11 adders
  A shadow imp (D:5)
  2 oozes (D:3)
  3 adder skeletons
  4 worms
  2 dart slugs (D:2)
  5 leopard geckos
  85 orcs
  A ball python (D:3)
  4 giant cockroaches
  12 goblins
  7 hobgoblins
  4 jackals (D:1)
  6 quokkas
  6 bats
  5 frilled lizards
  8 kobolds
  2 leopard gecko skeletons
  5 rats
  A fungus (Lair:6)
  2 plants (Lair:6)
623 creatures vanquished.

Vanquished Creatures (others)
  6 fungi
  16 plants (Lair:6)
  5 toadstools (D:10)
27 creatures vanquished.

Grand Total: 650 creatures vanquished

Notes
Turn   | Place    | Note
-------+----------+-------------------------------------------
     0 | D:1      | MisterOstroum the Demonspawn Monk began the quest for the
                  | Orb.
     0 | D:1      | Reached XP level 1. HP: 18/18 MP: 1/1
   257 | D:1      | Gained mutation: You have large cloven feet. [demonic
                  | ancestry]
   257 | D:1      | Reached XP level 2. HP: 13/24 MP: 2/2
  1226 | D:2      | Gained mutation: You are slightly more attuned to the
                  | shadows. [demonic ancestry]
  1226 | D:2      | Reached XP level 3. HP: 25/29 MP: 3/3
  1687 | D:2      | Gained mutation: You have hoof-like feet. [demonic
                  | ancestry]
  1687 | D:2      | Reached XP level 4. HP: 37/37 MP: 4/4
  2005 | D:3      | Noticed Grinder
  2031 | D:3      | Noticed an orc warrior
  2250 | D:3      | Gained mutation: You have a pair of small antennae on your
                  | head. [demonic ancestry]
  2250 | D:3      | Reached XP level 5. HP: 41/43 MP: 5/5
  2287 | D:3      | Found a radiant altar of Vehumet.
  2290 | D:3      | Noticed Terence
  2307 | D:3      | Killed Terence
  2307 | D:3      | Reached skill level 5 in Fighting
  2311 | D:3      | Paralysed by Grinder for 3 turns
  2321 | D:3      | Killed Grinder
  2321 | D:3      | Gained mutation: Your flesh is heat resistant. (rF+)
                  | [demonic ancestry]
  2321 | D:3      | Reached XP level 6. HP: 21/53 MP: 6/6
  3069 | D:4      | Found a shadowy altar of Dithmenos.
  3315 | D:4      | Gained mutation: You have a pair of antennae on your head.
                  | [demonic ancestry]
  3315 | D:4      | Reached XP level 7. HP: 54/60 MP: 7/7
  3426 | D:4      | Found a staircase to the Ecumenical Temple.
  3438 | Temple   | Entered the Ecumenical Temple
  3526 | Temple   | Became a worshipper of Cheibriados the Contemplative
  3526 | Temple   | Reached * piety under Cheibriados
  3526 | Temple   | Reached ** piety under Cheibriados
  3579 | D:4      | Noticed Eustachio
  3594 | D:4      | Killed Eustachio
  3594 | D:4      | Reached skill level 1 in Short Blades
  3594 | D:4      | Reached skill level 1 in Invocations
  3702 | D:4      | Noticed Dowan
  3703 | D:4      | Noticed Duvessa
  3720 | D:4      | Killed Dowan
  3769 | D:4      | Killed Duvessa
  3769 | D:4      | Reached skill level 2 in Invocations
  4109 | D:4      | Found a shimmering altar of Xom.
  4462 | D:3      | Reached skill level 3 in Invocations
  4501 | D:3      | Gained mutation: You have a pair of large antennae on your
                  | head. (SInv) [demonic ancestry]
  4501 | D:3      | Reached XP level 8. HP: 16/68 MP: 10/10
  5113 | D:5      | Entered Level 5 of the Dungeon
  5262 | D:5      | Reached *** piety under Cheibriados
  5314 | D:5      | Found an iron altar of Okawaru.
  5466 | D:5      | Reached skill level 4 in Invocations
  5741 | D:5      | Found a glowing golden altar of the Shining One.
  5969 | D:6      | Reached skill level 1 in Shields
  6050 | D:6      | Found a hazy altar of Hepliaklqana.
  6196 | D:6      | Reached skill level 5 in Short Blades
  6196 | D:6      | Reached skill level 5 in Invocations
  7010 | D:7      | Reached XP level 9. HP: 65/74 MP: 13/13
  7029 | D:7      | Reached skill level 6 in Invocations
  7260 | D:7      | Reached **** piety under Cheibriados
  7408 | D:7      | Found Houbulev's Book Shoppe.
  7686 | D:7      | Reached skill level 1 in Slings
  7996 | D:7      | Reached skill level 7 in Invocations
  8500 | D:8      | Found a blossoming altar of Fedhas.
  8943 | D:8      | Found a shattered altar of Ashenzari.
  8956 | D:8      | Found a staircase to the Lair.
  8978 | D:8      | Noticed Psyche
  8992 | D:8      | Killed Psyche
  8992 | D:8      | Reached skill level 1 in Evocations
  9106 | D:8      | Reached skill level 8 in Invocations
  9403 | D:9      | Found Qyqa Qyu's Food Shop.
  9442 | D:9      | Gained mutation: You are immune to clouds of flame.
                  | [demonic ancestry]
  9442 | D:9      | Reached XP level 10. HP: 78/80 MP: 16/16
  9476 | D:9      | Found a runed translucent door.
  9567 | D:9      | Found a runed translucent door.
  9600 | D:9      | Found a blossoming altar of Fedhas.
  9784 | D:10     | Entered Level 10 of the Dungeon
  9804 | D:10     | Found Sifreaz's Antique Weapon Boutique.
  9873 | D:10     | Reached skill level 5 in Slings
  9873 | D:10     | Reached skill level 5 in Shields
 10077 | D:10     | Noticed a four-headed hydra
 10119 | Lair:1   | Entered Level 1 of the Lair of Beasts
 10124 | Lair:1   | Reached ***** piety under Cheibriados
 10252 | Lair:1   | Reached skill level 9 in Invocations
 10310 | Lair:1   | Found a runed translucent gate.
 10310 | Lair:1   | Found a runed translucent gate.
 10310 | Lair:1   | Noticed a black mamba
 10310 | Lair:1   | Noticed a catoblepas
 10310 | Lair:1   | Noticed Aggronaut's ghost (journeyman DsMo)
 10314 | Lair:1   | Found a runed translucent gate.
 10314 | Lair:1   | Noticed a spiny frog
 10406 | Lair:1   | Noticed a spiny frog
 10414 | Lair:1   | Killed a spiny frog
 10641 | Lair:1   | Reached XP level 11. HP: 68/86 MP: 18/18
 11188 | Lair:1   | Reached skill level 10 in Invocations
 12169 | Lair:2   | Noticed a six-headed hydra
 12180 | Lair:2   | Killed a six-headed hydra
 12577 | Lair:2   | Noticed Erica
 12597 | Lair:2   | Killed Erica
 12624 | Lair:2   | Found an ancient bone altar of Kikubaaqudgha.
 13496 | Lair:3   | Reached skill level 11 in Invocations
 13573 | Lair:3   | Reached XP level 12. HP: 69/94 MP: 20/20
 13928 | Lair:3   | Found a hole to the Spider Nest.
 14030 | Lair:3   | Noticed Name63's ghost (journeyman GnNe)
 14030 | Lair:3   | Noticed a minotaur
 14031 | Lair:3   | Noticed an eight-headed hydra
 14054 | Lair:3   | Found a runed translucent gate.
 14054 | Lair:3   | Found a runed translucent gate.
 14054 | Lair:3   | Found a runed translucent gate.
 14141 | Lair:3   | Found a staircase to the Shoals.
 15648 | Lair:4   | Reached skill level 5 in Evocations
 15654 | Lair:4   | Reached ****** piety under Cheibriados
 16237 | Lair:5   | Identified a scroll of acquirement
 16350 | Lair:5   | Reached skill level 10 in Slings
 16541 | Lair:5   | Got a slimy bone ring
 16543 | Lair:5   | Identified the ring of the Queen {Ice Dex+3} (You found it
                  | on level 5 of the Lair of Beasts)
 16663 | Lair:5   | Noticed a five-headed hydra
 16675 | Lair:5   | Killed a five-headed hydra
 16675 | Lair:5   | Reached skill level 12 in Invocations
 16801 | Lair:5   | Noticed an eight-headed hydra
 16813 | Lair:5   | Killed an eight-headed hydra
 16813 | Lair:5   | Reached skill level 10 in Fighting
 16852 | Lair:4   | Got a brightly glowing shield
 16863 | Lair:4   | Identified the +0 shield of Weirdness {+Blink rPois Stlth-}
                  | (You acquired it on level 4 of the Lair of Beasts)
 17299 | Lair:6   | Entered Level 6 of the Lair of Beasts
 17397 | Lair:6   | Found a staircase to the Slime Pits.
 17500 | Lair:6   | Reached skill level 1 in Armour
 17970 | Lair:6   | Gained mutation: You have sharp fingernails. [demonic
                  | ancestry]
 17970 | Lair:6   | Reached XP level 13. HP: 99/103 MP: 22/22
 18730 | Lair:6   | Found a runed translucent door.
 19901 | Lair:6   | Reached skill level 5 in Dodging
 19919 | Lair:6   | HP: 4/104 [catoblepas (7)]
 20166 | Lair:6   | Noticed a dire elephant
 20186 | Lair:6   | Killed a dire elephant
 20952 | D:9      | Noticed Grum
 20965 | D:9      | Killed Grum
 21042 | D:9      | Reached skill level 5 in Armour
 21716 | D:9      | Found a shimmering blue altar of Sif Muna.
 21756 | D:10     | Reached XP level 14. HP: 107/111 MP: 18/23
 21833 | D:10     | Bought a faintly glowing hunting sling for 208 gold pieces
 21833 | D:10     | Identified the cursed +2 hunting sling "Weutaul" {freeze,
                  | rC+} (You bought it in a shop on level 10 of the Dungeon)
 22078 | D:10     | Found a staircase to the Orcish Mines.
 22104 | D:10     | Learned a level 2 spell: Blink
 22764 | Orc:1    | Entered Level 1 of the Orcish Mines
 22942 | Orc:1    | Found a roughly hewn altar of Beogh.
 23049 | Orc:1    | Found Diergh's Book Shop.
 23067 | Orc:1    | Bought a book of Transfigurations for 770 gold pieces
 23074 | Orc:1    | Learned a level 6 spell: Statue Form
 23283 | Orc:2    | Entered Level 2 of the Orcish Mines
 23357 | Orc:2    | Noticed an orc warlord
 23374 | Orc:2    | Killed an orc warlord
 23446 | Orc:2    | Found a flickering gateway to a bazaar.
 23462 | Bazaar   | Entered a bazaar
 23462 | Bazaar   | Found Atremoop's Magic Scroll Emporium.
 23465 | Bazaar   | Found Qorog's Book Shop.
 23474 | Bazaar   | Found Wuorghon's Gadget Emporium.
 23483 | Bazaar   | Found Dyidel's Antique Weapon Shop.
 23498 | Bazaar   | Found Tujaeted's Book Shop.
 23511 | Bazaar   | Bought a book of Changes for 225 gold pieces
 23511 | Bazaar   | Bought a book of Debilitation for 360 gold pieces
 23511 | Bazaar   | Bought a manual of Invocations for 993 gold pieces
 23514 | Bazaar   | Learned a level 2 spell: Sticks to Snakes
 23518 | Bazaar   | Learned a level 3 spell: Inner Flame
 23545 | Bazaar   | Bought a scroll of brand weapon for 220 gold pieces
 23964 | Orc:2    | Reached skill level 1 in Spellcasting
 23964 | Orc:2    | Reached skill level 1 in Transmutations
 23966 | Orc:2    | Reached skill level 1 in Earth Magic
 24182 | Orc:2    | Found a staircase to the Elven Halls.
 24382 | Orc:2    | Found Edesuema's Distillery.
 24386 | Orc:2    | Found Dirghed's Distillery.
 24417 | Orc:2    | Bought a potion of degeneration for 10 gold pieces
 24420 | Orc:2    | Bought a potion of flight for 45 gold pieces
 25471 | Orc:2    | Found Quitis's Antique Weapon Emporium.
 25471 | Orc:2    | Found a one-way gate leading to the halls of Pandemonium.
 25471 | Orc:2    | Found Zasid's Book Shoppe.
 25727 | Orc:1    | Found a roughly hewn altar of Beogh.
 25734 | Orc:1    | Noticed Sonja
 25741 | Orc:1    | Killed Sonja
 26945 | D:11     | Upgraded the game from 0.24.0 to 0.24.0-1-gfbc8707122
 26945 | D:11     | Quit the game

Levels and vault maps discovered:
D:1:      matt_arrival_spirals, layout_loops_cross, palyth_stone_intersect
D:2:      layout_rooms, first_ration
D:3:      layout_loops_ring, vehumet_crystals, uniq_grinder, uniq_terence
D:4:      layout_basic, grunt_dithmenos_smoke, nicolae_overflow_crystal_walls,
          minmay_temple_entry_wispy, uniq_eustachio, uniq_duvessa
D:5:      layout_basic, okawaru_metal_pillars_3, kennysheep_little_box
D:6:      layout_loops_ring, nicolae_overflow_hidden_temple
D:7:      layout_gridville, serial_shops,
          nicolae_shop_competitors_out_of_business
D:8:      layout_basic, lemuel_coloured_pillars_altar,
          nicolae_ashenzari_panopticon, lair_entry_dummy, uniq_psyche
D:9:      cheibrodos_histonic, layout_basic, kennysheep_mini, serial_shops,
          shop, david_nohive_1, fedhas_altar_4, uniq_grum
D:10:     layout_small_grid, erik_orc_3, serial_shops, shop, minivault_16,
          minmay_gold_behind_fungi, minmay_beelzebubs_servants
D:11:     layout_basic
D:12:     layout_irregular_city, drop_trap, uniq_azrael
Temple:   nicolae_temple_god_jail
Lair:1:   layout_small_grid, special_room [special_room_bee],
          gammafunk_ghost_split, grunt_megastairs_3
Lair:2:   layout_cave_pods, basic_altar, small_statue_intersection, uniq_erica
Lair:3:   layout_roguey, minmay_shoals_entry_lonely_mermaid,
          spider_nest_entry_a, maelrawn_ghost_gauntlet_escape, lemuel_fruit_tree
Lair:4:   layout_layer_cave, chequers_serial_rivers_large_a
Lair:5:   layout_small_grid, cheibrodos_lair_caveside_slide
Lair:6:   hangedman_lair_in_review, layout_gridlike, wormcave,
          minmay_slime_entry_oklob_open, lemuel_another_geyser
Orc:1:    layout_diamond_mine, serial_shops, shop, basic_altar, mines2_david,
          uniq_sonja
Orc:2:    pf_orc_diabolical, layout_diamond_mine, serial_shops, bzr_entry_road

Skill      XL: |  1  2  3  4  5  6  7  8  9 10 11 12 13 14 |
---------------+-------------------------------------------+-----
Polearms       | 3 4 |  4.0
Fighting       | 4 6 7 8 10 11 | 11.6
Short Blades   | 3 5 6 |  6.0
Invocations    | 3 5 8 9 11 12 | 12.0
Shields        | 2 4 6 7 8 9 |  9.3
Slings         | 4 6 9 10 11 | 11.6
Evocations     | 1 3 5 |  5.0
Stealth        | 3 4 |  4.7
Armour         | 1 5 6 |  6.8
Dodging        | 3 6 8 |  8.0
Spellcasting   | 2 |  2.5
Transmutations | 2 |  2.5
Earth Magic    | 2 |  2.5

Action                   |  1- 3 |  4- 6 |  7- 9 | 10-12 | 13-15 || total
-------------------------+-------+-------+-------+-------+-------++-------
Melee: Spear             |   141 |     7 |     7 |       |       ||   155
       Kick              |    17 |    28 |   160 |   305 |   455 ||   965
       Dagger            |     6 |    87 |   332 |   500 |   715 ||  1640
       War axe           |       |       |       |       |     1 ||     1
 Fire: Hunting sling     |       |     3 |   114 |   270 |   482 ||   869
Throw: Stone             |    22 |    14 |       |       |       ||    36
       Dart              |       |       |    37 |       |     1 ||    38
Invok: Bend Time         |       |       |     3 |     5 |     2 ||    10
       Slouch            |       |       |       |     2 |    11 ||    13
 Abil: Evoke Blink       |       |       |       |     9 |    11 ||    20
Evoke: Wand              |       |       |       |     1 |    49 ||    50
  Use: Scroll            |     1 |     2 |       |    21 |     7 ||    31
 Stab: Petrified         |       |       |       |       |     2 ||     2
       Paralysed         |       |       |       |       |     6 ||     6
  Eat: Chunk             |     3 |     3 |     8 |    14 |    13 ||    41
       Ration            |       |       |     1 |     1 |     2 ||     4
Armor: Robe              |    11 |       |       |       |       ||    11
       Chain mail        |    31 |    43 |    68 |       |       ||   142
       Plate armour      |       |       |    76 |   202 |   201 ||   479
Dodge: Dodged            |    34 |    24 |    69 |   120 |   247 ||   494
Block: Shield            |       |       |   128 |   332 |   507 ||   967
